[ AOE2 MATCH · #506080856 ]
UnrankedShu vs Magyars
Player's team · WIN
Rival team · LOSS
[ REPLAY ANALYSIS · EXTRACTED FROM THE RECORDED GAME ]
Feudal
12:38
Castle
17:58
Imperial
—
| APM avg | 61.5 |
| APM peak | 87 |
| eAPM avg | 31.4 |
| Villagers / military | 49 / 34 |
Focus
⚔️ 48.6% · 🌾 51.4%
Archer ×25 · Militia ×5 · Mangonel ×4
Feudal
8:51
Castle
19:59
Imperial
—
| APM avg | 65.9 |
| APM peak | 100 |
| eAPM avg | 32.8 |
| Villagers / military | 70 / 6 |
Focus
⚔️ 35.0% · 🌾 65.0%
Scout Cavalry ×6
Match map
Initial resources + every placement click. Lines = walls · curves = elevation contours. ◆ gold · ⬟ stone · ● berries · ✦ relic · ◌ wall gap
Your base· ✓ Closed at 17:58 · 49t walls · 1 gate(s)
Šteuko's base· Open — opponent sealed themselves in
Smoothed initial terrain · ◌ = detected wall gap · hover for details
Inputs per minute
— medicesesoporquesoyguapo - - Šteuko
Build order — medicesesoporquesoyguapo
145 actions detected in the replay
| 0:00 | Queue | Villager (Male) |
| 0:01 | Queue | Villager (Male) ×3 |
| 0:01 | Queue | Villager (Male) ×3 |
| 0:02 | Build | House |
| 0:04 | Build | House |
| 1:28 | Queue | Villager (Male) |
| 1:28 | Queue | Villager (Male) |
| 1:53 | Build | Lumber Camp |
| 1:59 | Queue | Villager (Male) |
| 2:18 | Queue | Villager (Male) |
| 2:19 | Queue | Villager (Male) |
| 2:45 | Queue | Villager (Male) |
| 3:03 | Queue | Villager (Male) |
| 3:32 | Queue | Villager (Male) |
| 3:51 | Build | House |
| 3:55 | Queue | Villager (Male) |
| 4:28 | Build | Barracks |
| 4:34 | Queue | Villager (Male) |
| 4:35 | Queue | Villager (Male) |
| 5:04 | Build | House |
| 5:09 | Queue | Villager (Male) |
| 5:12 | Queue | Villager (Male) |
| 5:13 | Queue | Villager (Male) |
| 5:29 | Queue | Militia |
| 5:29 | Queue | Militia |
| 5:42 | Build | Palisade Wall |
| 5:48 | Queue | Militia |
| 5:57 | Build | Palisade Wall |
| 5:58 | Build | Palisade Wall |
| 6:15 | Queue | Militia |
| 6:15 | Queue | Militia |
| 6:19 | Build | Palisade Wall |
| 6:28 | Queue | Villager (Male) |
| 6:42 | Build | Mill |
| 6:47 | Build | House |
| 7:01 | Queue | Villager (Male) |
| 7:23 | Build | Palisade Wall |
| 7:30 | Queue | Villager (Male) |
| 7:48 | Queue | Villager (Male) |
| 8:05 | Build | Palisade Wall |
| 8:08 | Queue | Villager (Male) |
| 8:11 | Build | House |
| 8:34 | Queue | Villager (Male) |
| 8:48 | Build | Mill |
| 9:13 | Queue | Villager (Male) |
| 9:15 | Queue | Villager (Male) |
| 9:28 | Build | Palisade Wall |
| 9:39 | Queue | Villager (Male) |
| 9:56 | Research | Loom |
| 10:05 | Build | Farm |
| 10:07 | Build | Farm |
| 10:11 | Build | Lumber Camp |
| 10:21 | Build | Farm |
| 10:22 | Research | Feudal Age |
| 10:50 | Build | Palisade Wall |
| 10:50 | Build | Palisade Wall |
| 10:51 | Build | Palisade Wall |
| 10:54 | Build | Palisade Wall |
| 10:56 | Build | Palisade Wall |
| 11:01 | Build | Palisade Wall |
| 11:16 | Queue | Villager (Male) |
| 11:36 | Build | Mining Camp |
| 11:57 | Build | Farm |
| 12:04 | Queue | Villager (Male) |
| 12:37 | Build | Palisade Gate |
| 12:38 | Age | Feudal Age |
| 12:44 | Build | Palisade Wall |
| 13:03 | Build | Archery Range |
| 13:15 | Build | Blacksmith |
| 13:16 | Queue | Villager (Male) |
| 13:48 | Build | Palisade Wall |
| 13:52 | Build | House |
| 13:54 | Queue | Villager (Male) |
| 13:58 | Build | House |
| 14:04 | Build | House |
| 14:10 | Queue | Archer |
| 14:16 | Queue | Villager (Male) |
| 14:20 | Build | House |
| 14:27 | Build | Farm |
| 14:28 | Queue | Archer |
| 14:45 | Build | Archery Range |
| 15:01 | Build | Farm |
| 15:18 | Research | Castle Age |
| 15:18 | Research | Castle Age |
| 15:20 | Queue | Archer |
| 15:23 | Queue | Archer |
| 15:26 | Build | House |
| 15:32 | Queue | Archer |
| 15:52 | Research | Double-Bit Axe |
| 15:54 | Queue | Archer |
| 15:54 | Queue | Archer |
| 16:00 | Queue | Archer |
| 16:14 | Build | Farm |
| 16:22 | Queue | Archer |
| 16:31 | Research | Horse Collar |
| 16:41 | Build | Farm |
| 16:43 | Queue | Archer |
| 16:49 | Queue | Archer |
| 16:55 | Research | Fletching |
| 17:08 | Build | Farm |
| 17:11 | Build | Farm |
| 17:14 | Queue | Archer |
| 17:27 | Queue | Archer |
| 17:41 | Build | Palisade Wall |
| 17:47 | Queue | Archer |
| 17:55 | Queue | Villager (Male) |
| 17:58 | Age | Castle Age |
| 18:02 | Research | Crossbowman (upgrade) |
| 18:10 | Queue | Villager (Male) |
| 18:27 | Build | Siege Workshop |
| 18:40 | Queue | Villager (Male) |
| 18:51 | Queue | Archer |
| 18:52 | Queue | Archer |
| 19:08 | Queue | Villager (Male) |
| 19:18 | Queue | Mangonel |
| 19:21 | Build | University |
| 19:23 | Build | Farm |
| 19:24 | Build | Farm |
| 19:37 | Research | Bodkin Arrow |
| 19:46 | Queue | Villager (Male) |
| 19:55 | Queue | Archer |
| 19:55 | Queue | Archer |
| 19:59 | Queue | Archer |
| 20:06 | Queue | Villager (Male) |
| 20:16 | Queue | Archer |
| 20:34 | Queue | Villager (Male) |
| 20:46 | Queue | Archer |
| 20:46 | Queue | Archer |
| 21:04 | Queue | Archer |
| 21:09 | Queue | Mangonel |
| 21:22 | Queue | Villager (Male) |
| 21:27 | Queue | Archer |
| 21:39 | Build | Farm |
| 21:40 | Queue | Villager (Male) |
| 21:47 | Build | Farm |
| 21:55 | Queue | Archer |
| 21:58 | Build | House |
| 22:18 | Queue | Mangonel |
| 22:18 | Queue | Mangonel |
| 22:20 | Queue | Villager (Male) |
| 22:20 | Queue | Villager (Male) |
| 22:21 | Queue | Villager (Male) |
| 22:21 | Queue | Villager (Male) |
| 22:21 | Queue | Villager (Male) |
| 22:30 | Build | House |
Build order — Šteuko
136 actions detected in the replay
| 0:00 | Queue | Villager (Male) |
| 0:01 | Build | House |
| 0:02 | Build | House |
| 0:21 | Queue | Villager (Male) |
| 0:25 | Queue | Villager (Male) |
| 0:25 | Queue | Villager (Male) |
| 1:31 | Queue | Villager (Male) |
| 1:31 | Queue | Villager (Male) |
| 1:46 | Build | Mill |
| 2:00 | Queue | Villager (Male) |
| 2:00 | Queue | Villager (Male) |
| 2:28 | Queue | Villager (Male) |
| 2:50 | Queue | Villager (Male) |
| 2:51 | Queue | Villager (Male) |
| 3:12 | Queue | Villager (Male) |
| 3:12 | Queue | Villager (Male) |
| 3:35 | Queue | Villager (Male) |
| 3:40 | Build | House |
| 3:55 | Queue | Villager (Male) |
| 3:58 | Queue | Villager (Male) |
| 3:58 | Queue | Villager (Male) |
| 4:24 | Queue | Villager (Male) |
| 4:50 | Queue | Villager (Male) |
| 4:53 | Queue | Villager (Male) |
| 4:59 | Queue | Villager (Male) |
| 5:12 | Build | Lumber Camp |
| 5:17 | Queue | Villager (Male) |
| 5:49 | Queue | Villager (Male) |
| 5:49 | Queue | Villager (Male) |
| 5:49 | Queue | Villager (Male) |
| 6:07 | Research | Loom |
| 6:26 | Research | Feudal Age |
| 6:56 | Queue | Villager (Male) |
| 7:00 | Queue | Villager (Male) |
| 7:02 | Queue | Villager (Male) |
| 7:27 | Build | Mill |
| 8:05 | Queue | Villager (Male) |
| 8:06 | Queue | Villager (Male) |
| 8:07 | Queue | Villager (Male) |
| 8:08 | Build | House |
| 8:10 | Build | Palisade Wall |
| 8:20 | Build | House |
| 8:23 | Build | Palisade Wall |
| 8:25 | Queue | Villager (Male) |
| 8:33 | Queue | Villager (Male) |
| 8:51 | Age | Feudal Age |
| 9:10 | Build | Barracks |
| 9:14 | Build | Barracks |
| 9:17 | Queue | Villager (Male) |
| 9:39 | Research | Double-Bit Axe |
| 9:52 | Build | House |
| 10:02 | Queue | Villager (Male) |
| 10:04 | Build | Palisade Wall |
| 10:05 | Build | Palisade Wall |
| 10:05 | Build | Palisade Wall |
| 10:08 | Build | Palisade Wall |
| 10:08 | Queue | Villager (Male) |
| 10:12 | Queue | Villager (Male) |
| 10:15 | Queue | Villager (Male) |
| 10:26 | Queue | Villager (Male) |
| 10:31 | Build | Stable |
| 10:43 | Build | Farm |
| 10:56 | Build | Farm |
| 11:06 | Build | House |
| 11:07 | Queue | Scout Cavalry |
| 11:21 | Build | Farm |
| 11:25 | Queue | Scout Cavalry |
| 11:39 | Queue | Villager (Male) |
| 11:50 | Build | Farm |
| 11:50 | Queue | Villager (Male) |
| 11:53 | Queue | Scout Cavalry |
| 11:54 | Queue | Villager (Male) |
| 11:56 | Build | Farm |
| 11:57 | Build | Farm |
| 11:59 | Queue | Scout Cavalry |
| 12:12 | Queue | Scout Cavalry |
| 12:24 | Build | Farm |
| 12:46 | Build | Watch Tower |
| 12:53 | Build | Mining Camp |
| 12:56 | Queue | Villager (Male) |
| 13:03 | Queue | Scout Cavalry |
| 13:06 | Queue | Villager (Male) |
| 13:07 | Build | Farm |
| 13:14 | Build | House |
| 13:17 | Queue | Villager (Male) |
| 13:50 | Queue | Villager (Male) |
| 13:51 | Queue | Villager (Male) |
| 13:53 | Build | Farm |
| 13:54 | Queue | Villager (Male) |
| 13:55 | Queue | Villager (Male) |
| 14:00 | Build | House |
| 14:00 | Build | House |
| 14:06 | Queue | Villager (Male) |
| 14:11 | Queue | Villager (Male) |
| 14:16 | Build | Farm |
| 14:17 | Queue | Villager (Male) |
| 14:26 | Build | House |
| 14:39 | Build | Watch Tower |
| 14:43 | Build | Watch Tower |
| 14:51 | Queue | Villager (Male) |
| 14:53 | Queue | Villager (Male) |
| 14:56 | Build | Farm |
| 14:56 | Queue | Villager (Male) |
| 15:05 | Queue | Villager (Male) |
| 15:13 | Queue | Villager (Male) |
| 15:15 | Build | Farm |
| 15:46 | Build | Lumber Camp |
| 15:48 | Queue | Villager (Male) |
| 16:00 | Queue | Villager (Male) |
| 16:37 | Build | Market |
| 17:00 | Build | House |
| 17:19 | Research | Castle Age |
| 17:19 | Research | Castle Age |
| 17:25 | Queue | Villager (Male) |
| 17:45 | Queue | Villager (Male) |
| 17:48 | Build | Mining Camp |
| 17:55 | Research | Horse Collar |
| 17:55 | Research | Horse Collar |
| 18:06 | Queue | Villager (Male) |
| 18:26 | Queue | Villager (Male) |
| 18:48 | Build | House |
| 19:07 | Build | Lumber Camp |
| 19:07 | Queue | Villager (Male) |
| 19:12 | Queue | Villager (Male) |
| 19:17 | Queue | Villager (Male) |
| 19:54 | Build | House |
| 19:59 | Age | Castle Age |
| 20:13 | Build | Castle |
| 20:17 | Queue | Villager (Male) |
| 20:51 | Queue | Villager (Male) |
| 21:07 | Queue | Villager (Male) |
| 21:12 | Build | House |
| 21:15 | Build | House |
| 21:16 | Build | House |
| 21:18 | Build | House |
| 21:37 | Queue | Villager (Male) |
Match timeline
| 4:28 | medicesesoporquesoyguapo · first_building Barracks |
| 5:42 | medicesesoporquesoyguapo · wall_segment Palisade Wall x3 |
| 5:57 | medicesesoporquesoyguapo · wall_segment Palisade Wall x1 |
| 5:58 | medicesesoporquesoyguapo · wall_segment Palisade Wall x4 |
| 6:19 | medicesesoporquesoyguapo · wall_segment Palisade Wall x9 |
| 7:23 | medicesesoporquesoyguapo · wall_segment Palisade Wall x3 |
| 8:05 | medicesesoporquesoyguapo · wall_segment Palisade Wall x9 |
| 8:10 | Šteuko · wall_segment Palisade Wall x1 |
| 8:23 | Šteuko · wall_segment Palisade Wall x4 |
| 8:51 | Šteuko · age_up feudal |
| 9:10 | Šteuko · first_building Barracks |
| 9:28 | medicesesoporquesoyguapo · wall_segment Palisade Wall x2 |
| 10:04 | Šteuko · wall_segment Palisade Wall x1 |
| 10:05 | Šteuko · wall_segment Palisade Wall x1 |
| 10:05 | Šteuko · wall_segment Palisade Wall x1 |
| 10:08 | Šteuko · wall_segment Palisade Wall x1 |
| 10:31 | Šteuko · first_building Stable |
| 10:50 | medicesesoporquesoyguapo · wall_segment Palisade Wall x1 |
| 10:50 | medicesesoporquesoyguapo · wall_segment Palisade Wall x1 |
| 10:51 | medicesesoporquesoyguapo · wall_segment Palisade Wall x1 |
| 10:54 | medicesesoporquesoyguapo · wall_segment Palisade Wall x1 |
| 10:56 | medicesesoporquesoyguapo · wall_segment Palisade Wall x4 |
| 11:01 | medicesesoporquesoyguapo · wall_segment Palisade Wall x5 |
| 12:38 | medicesesoporquesoyguapo · age_up feudal |
| 12:44 | medicesesoporquesoyguapo · wall_segment Palisade Wall x1 |
| 13:03 | medicesesoporquesoyguapo · first_building Archery Range |
| 13:48 | medicesesoporquesoyguapo · wall_segment Palisade Wall x1 |
| 17:18 | Šteuko · first_market_sell 100 wood |
| 17:41 | medicesesoporquesoyguapo · wall_segment Palisade Wall x3 |
| 17:58 | medicesesoporquesoyguapo · age_up castle |
| 18:27 | medicesesoporquesoyguapo · first_building Siege Workshop |
| 19:28 | Šteuko · first_market_buy 100 stone |
| 19:59 | Šteuko · age_up castle |
| 20:13 | Šteuko · first_building Castle |
| 22:42 | Šteuko · resign |
[ AI ANALYSIS · 1 CREDIT ]
What really happened in this match?
Wolo.gg analyzes every decision: build order, eco, micro, common mistakes by bracket. Personalized analysis on WhatsApp or Discord in 30 seconds.
Civ guide
Shu
Perfil
Jugador #310739